[ AOE2 MATCH · #507716167 ]
UnrankedTeutons vs Turks
Player's team · LOSS
Rival team · WIN
[ REPLAY ANALYSIS · EXTRACTED FROM THE RECORDED GAME ]
Feudal
9:00
Castle
—
Imperial
—
| APM avg | 53.8 |
| APM peak | 103 |
| eAPM avg | 18.7 |
| Villagers / military | 31 / 5 |
Focus
⚔️ 27.8% · 🌾 72.2%
Militia ×3 · Skirmisher ×2
Feudal
9:41
Castle
—
Imperial
—
| APM avg | 46.2 |
| APM peak | 66 |
| eAPM avg | 21.1 |
| Villagers / military | 36 / 12 |
Focus
⚔️ 36.3% · 🌾 63.7%
Archer ×8 · Militia ×3 · Skirmisher ×1
Match map
Initial resources + every placement click. Lines = walls · curves = elevation contours. ◆ gold · ⬟ stone · ● berries · ✦ relic · ◌ wall gap
Your base· Open — 8t gap
Valtsyuk's base· Open — unwalled flank
Smoothed initial terrain · ◌ = detected wall gap · hover for details
Inputs per minute
— SaleMajstor - - Valtsyuk
Build order — SaleMajstor
75 actions detected in the replay
| 0:00 | Queue | Villager (Male) |
| 0:00 | Queue | Villager (Male) |
| 0:01 | Queue | Villager (Male) |
| 0:01 | Queue | Villager (Male) |
| 0:03 | Build | House |
| 0:04 | Build | House |
| 1:42 | Queue | Villager (Male) |
| 1:44 | Build | Lumber Camp |
| 2:00 | Queue | Villager (Male) |
| 2:23 | Queue | Villager (Male) |
| 2:57 | Queue | Villager (Male) |
| 3:05 | Build | House |
| 3:11 | Build | Palisade Wall |
| 3:17 | Queue | Villager (Male) |
| 3:46 | Queue | Villager (Male) |
| 4:05 | Queue | Villager (Male) |
| 4:36 | Queue | Villager (Male) |
| 5:01 | Queue | Villager (Male) |
| 5:11 | Queue | Villager (Male) |
| 5:22 | Queue | Villager (Male) |
| 5:44 | Build | Barracks |
| 6:02 | Research | Loom |
| 6:07 | Build | House |
| 6:09 | Build | Palisade Wall |
| 6:50 | Research | Feudal Age |
| 6:59 | Queue | Militia |
| 7:13 | Build | House |
| 7:17 | Queue | Militia |
| 7:35 | Queue | Militia |
| 8:01 | Build | Mining Camp |
| 8:24 | Queue | Villager (Male) |
| 8:53 | Build | Mill |
| 9:00 | Age | Feudal Age |
| 9:30 | Build | Watch Tower |
| 9:41 | Research | Man-at-Arms (upgrade) |
| 9:41 | Queue | Villager (Male) |
| 9:42 | Queue | Villager (Male) |
| 10:00 | Queue | Villager (Male) |
| 10:13 | Build | House |
| 10:23 | Build | Palisade Gate |
| 10:47 | Queue | Villager (Male) |
| 10:57 | Build | Mill |
| 11:05 | Build | Palisade Gate |
| 11:09 | Build | Palisade Wall |
| 11:18 | Build | House |
| 11:24 | Build | Palisade Wall |
| 11:26 | Build | Palisade Wall |
| 11:30 | Queue | Villager (Male) |
| 12:13 | Queue | Villager (Male) |
| 12:16 | Build | Farm |
| 12:49 | Queue | Villager (Male) |
| 13:00 | Queue | Villager (Male) |
| 13:29 | Queue | Villager (Male) |
| 13:31 | Build | Farm |
| 13:51 | Build | Palisade Gate |
| 14:03 | Build | Watch Tower |
| 14:05 | Build | Stone Wall |
| 14:09 | Build | Stone Wall |
| 14:13 | Build | Stone Wall |
| 14:19 | Build | Stone Wall |
| 14:29 | Queue | Villager (Male) |
| 14:31 | Build | Farm |
| 14:32 | Build | Farm |
| 14:34 | Build | Archery Range |
| 14:37 | Queue | Villager (Male) |
| 15:11 | Build | Palisade Gate |
| 15:13 | Queue | Villager (Male) |
| 15:17 | Build | Farm |
| 15:33 | Queue | Villager (Male) |
| 15:38 | Queue | Skirmisher |
| 15:39 | Queue | Skirmisher |
| 15:44 | Queue | Villager (Male) |
| 15:54 | Build | House |
| 16:15 | Build | Stable |
| 16:17 | Queue | Villager (Male) |
Build order — Valtsyuk
88 actions detected in the replay
| 0:01 | Queue | Villager (Male) |
| 0:02 | Queue | Villager (Male) |
| 0:05 | Build | House |
| 0:07 | Build | House |
| 0:14 | Queue | Villager (Male) |
| 0:15 | Queue | Villager (Male) |
| 0:15 | Queue | Villager (Male) |
| 1:34 | Queue | Villager (Male) |
| 1:45 | Build | Lumber Camp |
| 1:55 | Queue | Villager (Male) |
| 1:55 | Queue | Villager (Male) |
| 2:21 | Queue | Villager (Male) |
| 2:22 | Queue | Villager (Male) |
| 2:22 | Queue | Villager (Male) |
| 2:59 | Queue | Villager (Male) |
| 3:25 | Build | House |
| 3:34 | Queue | Villager (Male) |
| 3:34 | Queue | Villager (Male) |
| 3:55 | Queue | Villager (Male) |
| 4:30 | Queue | Villager (Male) |
| 4:42 | Build | Mill |
| 4:53 | Queue | Villager (Male) |
| 4:53 | Queue | Villager (Male) |
| 5:38 | Build | House |
| 5:43 | Queue | Villager (Male) |
| 6:09 | Queue | Villager (Male) |
| 6:09 | Queue | Villager (Male) |
| 6:09 | Research | Loom |
| 6:30 | Build | Barracks |
| 7:24 | Research | Feudal Age |
| 7:44 | Build | Mining Camp |
| 7:55 | Queue | Militia |
| 7:56 | Queue | Militia |
| 8:03 | Build | House |
| 8:24 | Queue | Militia |
| 8:32 | Queue | Villager (Male) |
| 9:16 | Build | Palisade Wall |
| 9:17 | Build | Palisade Wall |
| 9:18 | Build | Palisade Wall |
| 9:25 | Build | Palisade Wall |
| 9:32 | Build | Palisade Wall |
| 9:40 | Queue | Villager (Male) |
| 9:41 | Age | Feudal Age |
| 9:46 | Research | Man-at-Arms (upgrade) |
| 9:50 | Build | Archery Range |
| 9:57 | Queue | Villager (Male) |
| 9:58 | Build | House |
| 10:09 | Queue | Villager (Male) |
| 10:21 | Research | Double-Bit Axe |
| 10:34 | Queue | Skirmisher |
| 11:23 | Queue | Villager (Male) |
| 11:38 | Build | Farm |
| 11:50 | Queue | Villager (Male) |
| 12:07 | Queue | Villager (Male) |
| 12:08 | Queue | Archer |
| 12:11 | Build | Farm |
| 12:12 | Build | Farm |
| 12:13 | Build | Farm |
| 12:14 | Build | Farm |
| 12:16 | Build | Farm |
| 12:21 | Build | Farm |
| 12:24 | Queue | Archer |
| 12:44 | Build | Farm |
| 12:53 | Queue | Archer |
| 13:02 | Build | Farm |
| 13:09 | Build | Farm |
| 13:11 | Build | Farm |
| 13:14 | Build | House |
| 13:16 | Build | House |
| 13:19 | Build | Palisade Wall |
| 13:23 | Build | Palisade Wall |
| 13:24 | Build | Palisade Wall |
| 13:27 | Build | House |
| 13:34 | Queue | Archer |
| 13:35 | Queue | Villager (Male) |
| 14:03 | Queue | Villager (Male) |
| 14:20 | Queue | Archer |
| 14:20 | Queue | Villager (Male) |
| 14:38 | Queue | Villager (Male) |
| 14:38 | Queue | Archer |
| 15:06 | Build | Farm |
| 15:07 | Queue | Villager (Male) |
| 15:14 | Queue | Archer |
| 15:31 | Queue | Villager (Male) |
| 15:47 | Build | Blacksmith |
| 15:55 | Queue | Villager (Male) |
| 16:18 | Queue | Archer |
| 16:18 | Queue | Villager (Male) |
Match timeline
| 3:11 | SaleMajstor · wall_segment Palisade Wall x1 |
| 5:44 | SaleMajstor · first_building Barracks |
| 6:09 | SaleMajstor · wall_segment Palisade Wall x1 |
| 6:30 | Valtsyuk · first_building Barracks |
| 9:00 | SaleMajstor · age_up feudal |
| 9:16 | Valtsyuk · wall_segment Palisade Wall x1 |
| 9:17 | Valtsyuk · wall_segment Palisade Wall x1 |
| 9:18 | Valtsyuk · wall_segment Palisade Wall x1 |
| 9:25 | Valtsyuk · wall_segment Palisade Wall x1 |
| 9:32 | Valtsyuk · wall_segment Palisade Wall x1 |
| 9:41 | Valtsyuk · age_up feudal |
| 9:50 | Valtsyuk · first_building Archery Range |
| 11:09 | SaleMajstor · wall_segment Palisade Wall x1 |
| 11:24 | SaleMajstor · wall_segment Palisade Wall x1 |
| 11:26 | SaleMajstor · wall_segment Palisade Wall x1 |
| 13:19 | Valtsyuk · wall_segment Palisade Wall x1 |
| 13:23 | Valtsyuk · wall_segment Palisade Wall x1 |
| 13:24 | Valtsyuk · wall_segment Palisade Wall x1 |
| 14:05 | SaleMajstor · wall_segment Stone Wall x1 |
| 14:09 | SaleMajstor · wall_segment Stone Wall x1 |
| 14:13 | SaleMajstor · wall_segment Stone Wall x1 |
| 14:19 | SaleMajstor · wall_segment Stone Wall x1 |
| 14:34 | SaleMajstor · first_building Archery Range |
| 16:15 | SaleMajstor · first_building Stable |
| 16:31 | SaleMajstor · resign |
[ AI ANALYSIS · 1 CREDIT ]
What really happened in this match?
Wolo.gg analyzes every decision: build order, eco, micro, common mistakes by bracket. Personalized analysis on WhatsApp or Discord in 30 seconds.
Civ guide
Teutons
Perfil
Jugador #7376435